 Dungeon Crawl Stone Soup version 0.21-a0-171-g0f4a3b6 (webtiles) character file.

5105 Nvm9 the Protected (level 10, -2/120 HPs)
             Began as a Demonspawn Fighter on Aug 7, 2017.
             Was a High Priest of Okawaru.
             Slain by a yak (7 damage)
             ... on level 1 of the Lair of Beasts.
             The game lasted 00:15:12 (8956 turns).

Nvm9 the Protected (Demonspawn Fighter)             Turns: 8956, Time: 00:15:13

Health: -2/120     AC: 25    Str: 25    XL:     10   Next: 32%
Magic:  10/10      EV:  2    Int:  9    God:    Okawaru [*****.]
Gold:   497        SH: 11    Dex: 13    Spells: 9/9 levels left

rFire    . . .     SeeInvis .   a - +0 war axe
rCold    . . .     Gourm    .   c - +0 shield
rNeg     + + +     Faith    +   (armour currently unavailable)
rPois    +         Spirit   .   (helmet currently unavailable)
rElec    .         Reflect  .   (cloak currently unavailable)
rCorr    .         Harm     .   (gloves currently unavailable)
MR       .....     NoTele   +   (boots currently unavailable)
Stlth    +.........             g - amulet of faith
HPRegen  0.30/turn              l - ring of poison resistance
MPRegen  0.12/turn              e - ring of flight

@: mighty, tree-form, berserk cooldown, slowed, very slow
A: powered by pain 1
a: Heroism, Finesse, Renounce Religion


You were on level 1 of the Lair of Beasts.
You worshipped Okawaru.
Okawaru was extremely pleased with you.
You were not hungry.
You were a tree.
You visited 3 branches of the dungeon, and saw 11 of its levels.

You collected 497 gold pieces.

Inventory:

Hand Weapons
 a - a +0 war axe (weapon)
Missiles
 b - 4 tomahawks of returning
 w - 7 poisoned javelins (quivered)
Armour
 c - a +0 shield (worn)
 h - a +2 pair of gloves (melded)
 k - a +0 chain mail (melded)
Jewellery
 d - an uncursed ring of fire
 e - a ring of flight (right branch)
 g - an amulet of faith (around neck)
 l - a ring of poison resistance (left branch)
Wands
 n - a wand of flame (18/48)
 s - a wand of flame (38/48)
Scrolls
 f - a scroll of magic mapping {unknown}
 i - 10 scrolls of identify
 j - 3 scrolls of teleportation
 q - a scroll of enchant weapon {unknown}
 r - a scroll of amnesia
 t - 3 scrolls of remove curse
Potions
 p - a potion of curing {unknown}
 x - a potion of agility {unknown}
Comestibles
 m - 5 meat rations
 u - a royal jelly


   Skills:
 + Level 7.7 Fighting
 + Level 6.3 Axes
 * Level 9.3 Armour
 + Level 7.0 Shields


You had 9 spell levels left.
You didn't know any spells.

Dungeon Overview and Level Annotations

Branches:
Dungeon (9/15)             Temple (1/1) D:4            Lair (1/6) D:8
    Orc: D:9-12

Altars:
Ashenzari
Cheibriados
Dithmenos
Elyvilon
Fedhas
Gozag
Kikubaaqudgha
Makhleb
Nemelex Xobeh
Okawaru
Qazlal
Ru
Sif Muna
Trog
Uskayaw
Vehumet
Wu Jian
Yredelemnul
Zin
The Shining One

Shops:
D:8 %


Innate Abilities, Weirdness & Mutations

((You have hoof-like feet.))
((Your flesh is heat resistant. (rF+)))
You sometimes gain a little power by taking damage.
((Your movements are less encumbered by armour. (ER -4)))
((You have a pair of small antennae on your head.))
((Your system is resistant to poisons. (rPois)))


Message History

You kill the yak!
Okawaru accepts your kill. Something appears at your feet!
Okawaru grants you ammunition!
Your Shields skill increases to level 7!
You barely miss the yak.
You are no longer berserk.
You are exhausted.
You feel yourself slow down. The yak closely misses you.
You turn into a tree.
Your +2 pair of gloves melds into your body.
Your +0 chain mail melds into your body.
Your roots penetrate the ground.
The yak gores you but does no damage. x2
You completely miss the yak.
The yak is severely wounded.
You block the yak's attack.
You closely miss the yak.
The yak is severely wounded.
The yak gores you!
You die...

#........#
#...###P..
####..####...
##....####....
#...#####.....
##..####.......
###..#.##........
##.†#####........>
### ##♣.##
##.........
#..####.Y.#
#..........
#.......###
#..........
#.....P##
##.........#
##....###
#.........##
#......##
#..(.......#
##...YP.###
##.......###
#....$...##
##.....##
##......>.##
###..##


You could see a yak.

Vanquished Creatures
  A centaur warrior (D:8)
  A two-headed ogre (D:8)
  Grinder (D:6)
  5 yaks (Lair:1)
  2 hungry ghosts (D:8)
  A water moccasin (D:7)
  An orc warrior (D:8)
  A swamp drake (D:8)
  An ice beast (D:8)
  A sky beast (D:8)
  A phantom (D:5)
  A wolf (Lair:1)
  4 ogres
  3 crocodiles (D:8)
  A big kobold (D:7)
  A bullfrog (D:8)
  A scorpion (D:6)
  A crimson imp (D:5)
  A centaur zombie (D:6)
  8 hounds
  5 orc priests
  A centaur skeleton (D:5)
  3 jellies
  Terence (D:3)
  2 worker ants
  3 iguanas
  5 orc wizards
  2 hound zombies (D:6)
  A hound skeleton (D:4)
  8 gnolls
  9 adders
  4 shadow imps
  An ooze (D:3)
  An adder zombie (D:8)
  4 adder skeletons
  4 worms
  A dart slug (D:2)
  7 leopard geckos
  28 orcs
  4 giant cockroaches
  9 goblins
  5 hobgoblins
  9 jackals
  13 kobolds
  3 quokkas
  5 ball pythons
  4 bats
  3 frilled lizards
  A leopard gecko zombie (D:6)
  10 rats
  A spectral orc (D:5)
194 creatures vanquished.

Notes
Turn   | Place    | Note
-------+----------+-------------------------------------------
     0 | D:1      | Nvm9 the Demonspawn Fighter began the quest for the Orb.
     0 | D:1      | Reached XP level 1. HP: 18/18 MP: 1/1
   151 | D:1      | Gained mutation: Your movements are slightly less encumbered by armour. (ER -2) [demonic ancestry]
   151 | D:1      | Reached XP level 2. HP: 15/24 MP: 2/2
   667 | D:2      | Reached skill level 3 in Armour
   796 | D:2      | Reached XP level 3. HP: 29/29 MP: 3/3
  1364 | D:2      | Found a glowing silver altar of Zin.
  1478 | D:3      | Found an opulent altar of Gozag.
  1560 | D:3      | Noticed Terence
  1568 | D:3      | Killed Terence
  1568 | D:3      | Gained mutation: You sometimes gain a little power by taking damage. [demonic ancestry]
  1568 | D:3      | Reached XP level 4. HP: 30/36 MP: 4/4
  1870 | D:3      | Reached XP level 5. HP: 14/42 MP: 5/5
  2206 | D:3      | Reached skill level 4 in Armour
  2546 | D:3      | Gained mutation: You have large cloven feet. [demonic ancestry]
  2546 | D:3      | Reached XP level 6. HP: 42/48 MP: 6/6
  2982 | D:4      | Found a staircase to the Ecumenical Temple.
  3187 | Temple   | Entered the Ecumenical Temple
  3310 | Temple   | Became a worshipper of Warmaster Okawaru
  3344 | D:5      | Entered Level 5 of the Dungeon
  3560 | D:5      | Reached skill level 5 in Armour
  3560 | D:5      | Gained mutation: You have hoof-like feet. [demonic ancestry]
  3560 | D:5      | Reached XP level 7. HP: 50/55 MP: 7/7
  3864 | D:5      | Reached * piety under Okawaru
  4320 | D:5      | Reached skill level 5 in Fighting
  4469 | D:5      | Found a basalt altar of Yredelemnul.
  4903 | D:6      | Noticed Grinder
  4906 | D:6      | Paralysed by Grinder for 5 turns
  4916 | D:6      | Paralysed by Grinder for 7 turns
  4958 | D:6      | Killed Grinder
  4958 | D:6      | Reached ** piety under Okawaru
  4958 | D:6      | Reached skill level 6 in Armour
  4958 | D:6      | Gained mutation: Your movements are less encumbered by armour. (ER -4) [demonic ancestry]
  4958 | D:6      | Reached XP level 8. HP: 7/63 MP: 8/8
  5594 | D:6      | Reached skill level 5 in Shields
  5720 | D:7      | Gained mutation: You expend magic power (3 MP) to strengthen your wands. [potion of mutation]
  5720 | D:7      | Gained mutation: You tend to lose your temper in combat. [potion of mutation]
  5720 | D:7      | Gained mutation: Your spells are a little harder to cast, but a little more powerful. [potion of mutation]
  6078 | D:7      | Lost mutation: Your spells are a little harder to cast, but a little more powerful. [potion of mutation]
  6078 | D:7      | Lost mutation: You expend magic power (3 MP) to strengthen your wands. [potion of mutation]
  6078 | D:7      | Lost mutation: You tend to lose your temper in combat. [potion of mutation]
  6078 | D:7      | Gained mutation: Your flesh is heat resistant. (rF+) [potion of mutation]
  6078 | D:7      | Gained mutation: Your system is resistant to poisons. (rPois) [potion of mutation]
  6078 | D:7      | Gained mutation: You have a pair of small antennae on your head. [potion of mutation]
  6303 | D:7      | Found a shattered altar of Ashenzari.
  6864 | D:8      | Reached skill level 7 in Armour
  6872 | D:8      | Reached *** piety under Okawaru
  6889 | D:8      | Found Boeshrow's Food Boutique.
  6932 | D:8      | Reached XP level 9. HP: 51/69 MP: 9/9
  7249 | D:8      | Reached skill level 5 in Axes
  7607 | D:8      | Found a sparkling altar of Nemelex Xobeh.
  7614 | D:8      | Found an ancient bone altar of Kikubaaqudgha.
  7619 | D:8      | Found a white marble altar of Elyvilon.
  7630 | D:8      | Found a stormy altar of Qazlal.
  7637 | D:8      | Found a shadowy altar of Dithmenos.
  7642 | D:8      | Found a deep blue altar of Sif Muna.
  7647 | D:8      | Found a radiant altar of Vehumet.
  7718 | D:8      | Noticed a centaur warrior
  7731 | D:8      | Killed a centaur warrior
  7731 | D:8      | Reached **** piety under Okawaru
  7731 | D:8      | Reached skill level 8 in Armour
  8088 | D:8      | Found a staircase to the Lair.
  8230 | D:9      | Noticed a two-headed ogre
  8257 | D:8      | Killed a two-headed ogre
  8257 | D:8      | Reached ***** piety under Okawaru
  8257 | D:8      | Received a gift from Okawaru
  8257 | D:8      | Mutation became permanent: Your flesh is heat resistant. (rF+) [demonic ancestry]
  8257 | D:8      | Gained mutation: Your flesh is heat resistant. (rF+) [demonic ancestry]
  8257 | D:8      | Reached XP level 10. HP: 33/79 MP: 10/10
  8506 | D:9      | Noticed a cyclops
  8741 | D:8      | Reached skill level 9 in Armour
  8854 | Lair:1   | Entered Level 1 of the Lair of Beasts
  8951 | Lair:1   | HP: 3/118 [yak (8)]
  8953 | Lair:1   | Received a gift from Okawaru
  8956 | Lair:1   | Slain by a yak

Vault maps used:
D:1:      mrwooster_arrival_statue_3, serial_bayou, serial_bayou_lake_a,
          serial_bayou_lagoon_a, serial_bayou_ford_a, serial_bayou_pond_d,
          serial_bayou_shore_b, serial_bayou_pond_e
D:2:      zin_treasury, patterned_corridor
D:3:      portal_sewer_entry_a, grunt_gozag_breadcrumbs, uniq_terence
D:4:      minmay_temple_entry_fiery, first_bread
D:5:      yredelemnul_forgotten_temple_becter
D:6:      minmay_misc_feat_x, uniq_grinder
D:7:      nicolae_ashenzari_panopticon
D:8:      grunt_temple_overflow_octagram, erik_lair_dragon, serial_shops,
          shop_fountains, grunt_ministairs_10
D:9:      minmay_cornered_nines, regret_index_temple_of_mockery,
          minmay_orc_entry_temple_small
Temple:   compressed_dpeg_circular_temple

Skill      XL: |  1  2  3  4  5  6  7  8  9 10 |
---------------+-------------------------------+-----
Axes           | 2 3 4 6 |  6.3
Armour         | 3 4 5 6 7 8 9 |  9.3
Shields        | 3 4 5 6 7 |  7.0
Fighting       | 4 5 6 7 |  7.7

Action                   |  1- 3 |  4- 6 |  7- 9 | 10-12 || total
-------------------------+-------+-------+-------+-------++-------
Melee: War axe           |   138 |   185 |   342 |    42 ||   707
       Kick              |       |    20 |   101 |    16 ||   137
Throw: Javelin           |       |       |    10 |       ||    10
  Use: Potion            |     2 |     1 |     7 |     2 ||    12
       Scroll            |       |       |    11 |       ||    11
 Stab: Confused          |       |       |     1 |       ||     1
  Eat: Chunk             |     1 |     2 |    10 |       ||    13
       Bread ration      |     1 |       |     3 |       ||     4
       Meat ration       |       |       |     2 |       ||     2
Armor: Scale mail        |    24 |       |       |       ||    24
       Chain mail        |   114 |   115 |   199 |    27 ||   455
       Skin              |       |       |       |     2 ||     2
Dodge: Dodged            |    42 |    60 |   106 |    23 ||   231
Block: Shield            |    81 |   121 |   211 |    36 ||   449
